 Dungeon Crawl Stone Soup version 0.21-a0-176-gb3d4b37 (webtiles) character file.

94 Gorglomux the Skirmisher (level 4, 0/41 HPs)
             Began as a Hill Orc Wizard on Aug 8, 2017.
             Was an Initiate of Beogh.
             Slain by a river rat (10 damage)
             ... on level 3 of the Dungeon.
             The game lasted 00:06:02 (2643 turns).

Gorglomux the Skirmisher (Hill Orc Wizard)          Turns: 2643, Time: 00:06:02

Health: 0/41       AC:  2    Str: 10    XL:     4   Next: 63%
Magic:  1/7        EV: 12    Int: 18    God:    Beogh [......]
Gold:   74         SH:  0    Dex:  9    Spells: 4/7 levels left

rFire    . . .     SeeInvis .   a - +0 hand axe
rCold    . . .     Gourm    .   (no shield)
rNeg     . . .     Faith    .   U - +0 robe
rPois    .         Spirit   .   b - +0 hat
rElec    .         Reflect  .   (no cloak)
rCorr    .         Harm     .   (no gloves)
MR       .....                  (no boots)
Stlth    ++........             (no amulet)
HPRegen  0.13/turn              (no ring)
MPRegen  0.10/turn              (no ring)

@: lethally poisoned (0 -> -2), very slightly contaminated
A: no striking features
a: Renounce Religion


You were on level 3 of the Dungeon.
You worshipped Beogh.
Beogh was noncommittal.
You were not hungry.

You visited 1 branch of the dungeon, and saw 3 of its levels.

You collected 74 gold pieces.

Inventory:

Hand Weapons
 a - a +0 hand axe (weapon)
 e - a +0 whip
Missiles
 Z - a throwing net (quivered)
Armour
 b - a +0 hat (worn)
 r - a +0 chain mail
 U - a +0 robe (worn)
Wands
 R - a wand of disintegration (10/24)
Scrolls
 j - a scroll of fog {unknown}
 k - 2 scrolls of identify {unknown}
 l - a scroll of enchant armour {unknown}
 o - a scroll of blinking {unknown}
 q - a scroll of random uselessness {unknown}
 s - a scroll of recharging {unknown}
 S - a scroll of amnesia {unknown}
 X - a scroll of remove curse {unknown}
Potions
 g - a potion of agility
 n - a potion of lignification {unknown}
 T - a potion of degeneration {unknown}
 V - a potion of might {unknown}
 Y - a potion of brilliance {unknown}
Books
 c - a book of Minor Magic

   Spells                             Type                      Level
   a - Magic Dart                     Conjuration                  1
   b - Blink                          Translocation                2
   c - Call Imp                       Summoning                    2
   d - Slow                           Hexes                        2
   e - Conjure Flame                  Conjuration/Fire             3
   f - Mephitic Cloud                 Conjuration/Poison/Air       3
Comestibles
 d - 2 bread rations
 h - a royal jelly
 p - 4 fruits
 z - 2 meat rations


   Skills:
 + Level 4.6 Fighting
 + Level 1.6 Axes
 - Level 1.5 Dodging
 - Level 1.5 Stealth
 - Level 2.4 Spellcasting
 - Level 1.0 Conjurations
 - Level 1.0 Summonings
   Level 0.7 Translocations


You had 4 spell levels left.
You knew the following spells:

 Your Spells              Type           Power        Failure   Level  Hunger
a - Magic Dart            Conj           #...         12%         1    #......
b - Call Imp              Summ           #.......     17%         2    ##.....


Dungeon Overview and Level Annotations

Branches:
Dungeon (3/15)

Altars:
Hepliaklqana
Trog


Message History

Unknown command!
You swap places!
You feel butt! The river rat butts you!!!
The adder bites your shadow imp butt does no damage!
Your shadow imp misses the adder!
Unknown command!
Casting: Call Imp
Confirm with ! or Enter, or press ? or * to list all spells!
A beastly little devil appears in a puff of frigid air!
Your white imp says, "I give in to your service, my illustrious and rosy-lipped voivode!!!"
The river rat closely misses your butt imp!
The adder bites your shadow imp!
The river rat bites you! * * * don't die
* * * Your shadow imp completely misses the adder!
Okay, then!
You carve the river rat but do no damage!
You feel sick!
The adder closely misses your shadow imp!
The river rat bites your shadow imp but butts no damage!
The river rat bites you!!! rip

# .## ######..##
#.........
##.....≈.. #5.≈.≈≈≈
###rr≈#≈#≈###
#.@5S≈≈≈≈≈≈≈≈
#...########r #...#
# #...# #. #...#
.###.##########...#
.##...............#
.##.......o.....###
.##.............#


You could see an adder, 2 river rats, a friendly white imp and a friendly shadow
imp.

Vanquished Creatures
  4 adders (D:2)
  An ooze (D:2)
  2 worms
  2 dart slugs (D:1)
  A leopard gecko (D:3)
  2 giant cockroaches (D:2)
  4 goblins
  3 hobgoblins
  5 jackals (D:2)
  A quokka (D:2)
  6 frilled lizards
  7 kobolds
  6 rats
44 creatures vanquished.

Vanquished Creatures (collateral kills)
  A gnoll (D:1)
  A worm (D:2)
  A jackal (D:2)
3 creatures vanquished.

Vanquished Creatures (others)
  4 toadstools (D:1)
4 creatures vanquished.

Grand Total: 51 creatures vanquished

Notes
Turn   | Place    | Note
-------+----------+-------------------------------------------
     0 | D:1      | Gorglomux the Hill Orc Wizard began the quest for the Orb.
     0 | D:1      | Reached XP level 1. HP: 14/14 MP: 3/3
   118 | D:1      | Reached skill level 1 in Fighting
   306 | D:1      | Reached skill level 2 in Fighting
   306 | D:1      | Reached XP level 2. HP: 12/24 MP: 0/5
   650 | D:1      | Learned a level 2 spell: Call Imp
   959 | D:1      | Reached skill level 3 in Fighting
  1115 | D:2      | Found a bloodstained altar of Trog.
  1157 | D:2      | Reached XP level 3. HP: 31/31 MP: 3/6
  1307 | D:2      | Found a hazy altar of Hepliaklqana.
  1562 | D:2      | Reached skill level 1 in Axes
  1906 | D:2      | Reached XP level 4. HP: 38/40 MP: 7/7
  1938 | D:2      | Reached skill level 4 in Fighting
  2505 | D:3      | Became a worshipper of Beogh the Brigand
  2643 | D:3      | Slain by a river rat

Vault maps used:
D:1:      ldierk_walled_garden_2
D:2:      bloody_trog, lemuel_crystal_altar, first_bread
D:3:      lemuel_crystal_altar, lightli_sewer_entry_pipes,
          kennysheep_cluttered_room

Skill      XL: |  1  2  3  4 |
---------------+-------------+-----
Fighting       | 2 3 4 |  4.6
Axes           | 1 |  1.6
Dodging        | |  1.5
Stealth        | |  1.5
Spellcasting   | |  2.4
Conjurations   | |  1.0
Summonings     | |  1.0
Translocations | |  0.7

Action                   |  1- 3 |  4- 6 || total
-------------------------+-------+-------++-------
Melee: Whip              |    72 |     9 ||    81
       Hand axe          |       |    37 ||    37
 Cast: Magic Dart        |    30 |    12 ||    42
       Call Imp          |     8 |     8 ||    16
Invok: Convert to Beogh  |       |     1 ||     1
  Use: Potion            |     2 |       ||     2
 Stab: Sleeping          |     3 |     1 ||     4
  Eat: Chunk             |     3 |     4 ||     7
Armor: Robe              |     8 |     3 ||    11
Dodge: Dodged            |    76 |    32 ||   108
